 Dungeon Crawl Stone Soup version 0.27-a0-836-gfc908b8576 (webtiles) character file.

Game seed: 9800084640312681677

4 Alarkh the Skirmisher (level 1, 0/18 HPs)
             Began as a Demonspawn Monk on Apr 1, 2021.
             Slain by a jackal (1 damage)
             ... on level 1 of the Dungeon.
             The game lasted 00:00:12 (188 turns).

Alarkh the Skirmisher (Demonspawn Monk)              Turns: 188, Time: 00:00:12

Health: 0/18       AC:  2    Str: 11    XL:     1   Next: 58%
Magic:  1/1        EV: 12    Int: 11    God:
Gold:   0          SH:  0    Dex: 15    Spells: 0/0 levels left

rFire    . . .     SeeInvis .     - Unarmed
rCold    . . .     Faith    .   (no shield)
rNeg     . . .     Spirit   .   a - +0 robe
rPois    .         Reflect  .   (no helmet)
rElec    .         Harm     .   (no cloak)
rCorr    .         Rampage  .   (no gloves)
Will     .....                  (no boots)
Stlth    ++........             (no amulet)
HPRegen  0.06/turn              (no ring)
MPRegen  0.07/turn              (no ring)

@: no status effects
A: no striking features
a: no special abilities


You were on level 1 of the Dungeon.
You visited 1 branch of the dungeon, and saw 1 of its levels.

Inventory:

Armour
 a - a +0 robe (worn)


   Skills:
 + Level 3.1 Fighting
 - Level 2.6 Dodging
 - Level 1.7 Stealth
 * Level 2.9 Unarmed Combat


You couldn't memorise any spells.
You didn't know any spells.
Your spell library was empty.

Dungeon Overview and Level Annotations

Branches:
Dungeon (1/15)

Altars:


Message History

You are too injured to fight recklessly!
You are too injured to fight recklessly!
You are too injured to fight recklessly!
You are too injured to fight recklessly!
You are too injured to fight recklessly!
You are too injured to fight recklessly!
You are too injured to fight recklessly!
You are too injured to fight recklessly!
You are too injured to fight recklessly!
You are too injured to fight recklessly!
You are too injured to fight recklessly!
You are too injured to fight recklessly!
The jackal barely misses you. The jackal closely misses you.
The jackal bites you.
* * * LOW HITPOINT WARNING * * *
The jackal closely misses you. The jackal closely misses you.
The jackal misses you.
You aren't carrying any potions.
You closely miss the jackal.
The jackal is moderately wounded.
The jackal bites you but does no damage.
You closely miss the jackal.
The jackal is moderately wounded.
The jackal barely misses you.
You closely miss the jackal.
The jackal is moderately wounded.
The jackal bites you.
* * * LOW HITPOINT WARNING * * *
The jackal bites you.
* * * LOW HITPOINT WARNING * * *
You barely miss the jackal. The jackal barely misses you.
You closely miss the jackal. The jackal barely misses you.
You barely miss the jackal. The jackal bites you.
* * * LOW HITPOINT WARNING * * *
The jackal closely misses you.
You hit the jackal.
The jackal is almost dead.
The jackal bites you.
You die...

...#+#### #.......#
##.....####.######
#......'.........#
#.....†####....#.#
#.#...).###......#
#####..†#.##.###
###.#.##.#
###########.#.##.#
..............##@#
.##########...##h#
.# #......##h# .#
###+##+#.##.######
.#
#.........w........
####
#........#.########
...# #........#..#
##.# #...w....##.#
... .........## .#


You could see a dart slug and 2 jackals.

Vanquished Creatures
  A ball python (D:1)
  A bat (D:1)
  A hobgoblin (D:1)
  A kobold (D:1)
4 creatures vanquished.

Notes
Turn   | Place    | Note
-------+----------+-------------------------------------------
     0 | D:1      | Alarkh the Demonspawn Monk began the quest for the Orb.
     0 | D:1      | Reached XP level 1. HP: 18/18 MP: 1/1
   188 | D:1      | Slain by a jackal

Illustrated notes

Levels and vault maps discovered:
D:1:      lightli_arrival_chessboard, layout_basic

Action                   || total
-------------------------++-------
Melee: Unarmed           ||    28
Armor: Robe              ||     9
Dodge: Dodged            ||    25

Table legend: (Time is in decaauts)
 A = Elapsed time spent in this place.
 B = Non-inter-level travel time spent in this place.
 C = Inter-level travel time spent in this place.
 D = Time resting spent in this place.
 E = Time spent auto-exploring this place.
 F = Levels seen in this place.
 G = Mean time per level.
                   A        B        C        D        E       F      G
               +--------+--------+--------+--------+--------+-----+--------+
         Total |    186 |    186 |      0 |      0 |    140 |   1 |  186.0 |
       Dungeon |    186 |    186 |      0 |      0 |    140 |   1 |  186.0 |
               +--------+--------+--------+--------+--------+-----+--------+

Top non-repeatable levels by time:
     D:1: 186 daAuts
